NWL (28 & UNDER)
RED DEER WRANGLERS @ MENLO MANIACS
04/27/2028
 
TOP OF THE 1ST
Red Deer Wranglers batting - Pitching for Menlo Maniacs : RHP Michael Díaz
Pitching: RHP Michael Díaz
Batting: SHB Robbie Rhodes 0-0: Ball
1-0: Swinging Strike
1-1: Ball
2-1: Called Strike
2-2: Foul Ball, location: 2F
2-2: Strikes out swinging
Batting: LHB Jorge Olvera 0-0: Called Strike
0-1: Foul Ball, location: 2F
0-2: Foul Ball, location: 2F
0-2: Ball
1-2: Ball
2-2: Ball
3-2: SINGLE (Groundball, 34D)
Batting: RHB Allen Brown 0-0: Called Strike
0-1: Called Strike
0-2: Foul Ball, location: 2F
0-2: SINGLE (Groundball, 34) (infield hit)
Jorge Olvera to second
Batting: LHB Fred Abrams 0-0: Called Strike
0-1: Ball
1-1: Swinging Strike
1-2: Ball
2-2: Foul Ball, location: 2F
2-2: Strikes out looking
Batting: RHB Luis Ibarra 0-0: Foul Ball, location: 2F
0-1: Ball
1-1: Swinging Strike
1-2: Ball
2-2: Foul Ball, location: 2F
2-2: Strikes out swinging
Top of the 1st over - 0 run(s), 2 hit(s), 0 error(s), 2 left on base; Red Deer 0 - Menlo 0
BOTTOM OF THE 1ST
Menlo Maniacs batting - Pitching for Red Deer Wranglers : RHP Daniel Casey
Pitching: RHP Daniel Casey
Batting: RHB Jason Blair 0-0: Ground out 5-3 (Groundball, 56)
Batting: RHB Miguel González 0-0: Called Strike
0-1: Ball
1-1: Ball
2-1: Called Strike
2-2: Reached on error, E6 (Groundball, 6)
Batting: LHB Tim Ramsey 0-0: Ball
1-0: Ball
2-0: Ball
3-0: Called Strike
3-1: SINGLE (Groundball, 34S) (infield hit)
Miguel González to second
Batting: LHB José Peralta 0-0: Ball
1-0: Ball
2-0: Ball
3-0: Called Strike
3-1: Swinging Strike
3-2: Foul Ball, location: 2F
3-2: Strikes out swinging
Batting: RHB Héctor Vázquez 0-0: Ball
1-0: Foul Ball, location: 2F
1-1: Ball
Wild Pitch!
Miguel González to third
Tim Ramsey to second
2-1: Foul Ball, location: 2F
2-2: Ball
3-2: Strikes out swinging
Bottom of the 1st over - 0 run(s), 1 hit(s), 1 error(s), 2 left on base; Red Deer 0 - Menlo 0
TOP OF THE 2ND
Red Deer Wranglers batting - Pitching for Menlo Maniacs : RHP Michael Díaz
Batting: LHB Alejandro Rojas 0-0: Called Strike
0-1: Ball
1-1: Foul Ball, location: 2F
1-2: Ball
2-2: Strikes out looking
Batting: RHB Ben Fisher 0-0: Called Strike
0-1: Ball
1-1: Ball
2-1: Ball
3-1: DOUBLE (Groundball, 5L)
Batting: LHB Héctor Santos 0-0: DOUBLE (Flyball, 8LD)
Ben Fisher scores
Batting: RHB Steve Burton 0-0: Ball
1-0: Called Strike
1-1: Ball
2-1: DOUBLE (Line Drive, 7LD)
Héctor Santos scores
Batting: SHB Robbie Rhodes 0-0: DOUBLE (Line Drive, 8LD)
Steve Burton scores
Batting: LHB Jorge Olvera 0-0: Ball
1-0: Foul Ball, location: 2F
1-1: Foul Ball, location: 2F
1-2: Ball
2-2: Ground out 3-1 (Groundball, 34S)
Robbie Rhodes to third
Batting: RHB Allen Brown 0-0: Ball
1-0: Called Strike
1-1: Ball
2-1: Foul Ball, location: 2F
2-2: SINGLE (Groundball, 56D)
Robbie Rhodes scores
Batting: LHB Fred Abrams 0-0: Ball
1-0: Foul Ball, location: 2F
1-1: Ball
2-1: Ball
3-1: Base on Balls
Allen Brown to second
Batting: RHB Luis Ibarra 0-0: Called Strike
0-1: Foul Ball, location: 2F
0-2: Ball
1-2: Strikes out swinging
Top of the 2nd over - 4 run(s), 5 hit(s), 0 error(s), 2 left on base; Red Deer 4 - Menlo 0
BOTTOM OF THE 2ND
Menlo Maniacs batting - Pitching for Red Deer Wranglers : RHP Daniel Casey
Batting: LHB Bernardo Rodríguez 0-0: Ball
1-0: Called Strike
1-1: Fly out, F8 (Flyball, 8RM)
Batting: LHB Robby Lawson 0-0: Called Strike
0-1: Ball
1-1: Called Strike
1-2: Foul Ball, location: 2F
1-2: Ball
2-2: Foul Ball, location: 2F
2-2: Fly out, F7 (Flyball, 78M)
Batting: RHB Glenn Carter 0-0: Called Strike
0-1: Ball
1-1: Foul Ball, location: 2F
1-2: Ground out 6-3 (Groundball, 6)
Bottom of the 2nd over - 0 run(s), 0 hit(s), 0 error(s), 0 left on base; Red Deer 4 - Menlo 0
TOP OF THE 3RD
Red Deer Wranglers batting - Pitching for Menlo Maniacs : RHP Michael Díaz
Batting: LHB Alejandro Rojas 0-0: Ball
1-0: Foul Ball, location: 2F
1-1: Swinging Strike
1-2: Ball
2-2: Ball
3-2: Base on Balls
Batting: RHB Ben Fisher 0-0: Foul Ball, location: 2F
0-1: Ball
Wild Pitch!
Alejandro Rojas to second
1-1: Ball
2-1: Ball
3-1: Base on Balls
Batting: LHB Héctor Santos 0-0: Foul Ball, location: 2F
0-1: Swinging Strike
0-2: Ball
1-2: Strikes out looking
Batting: RHB Steve Burton 0-0: Ball
1-0: Ball
2-0: DOUBLE (Line Drive, 7LM)
Alejandro Rojas scores
Ben Fisher to third
Batting: SHB Robbie Rhodes 0-0: Called Strike
0-1: Swinging Strike
0-2: Ball
1-2: Strikes out swinging
Batting: LHB Jorge Olvera 0-0: Ball
1-0: Ball
2-0: Called Strike
2-1: Foul Ball, location: 2F
2-2: Ball
3-2: Base on Balls
Batting: RHB Allen Brown 0-0: Ball
1-0: Foul Ball, location: 2F
1-1: Called Strike
1-2: Strikes out swinging
Top of the 3rd over - 1 run(s), 1 hit(s), 0 error(s), 3 left on base; Red Deer 5 - Menlo 0
BOTTOM OF THE 3RD
Menlo Maniacs batting - Pitching for Red Deer Wranglers : RHP Daniel Casey
Batting: RHB Kyle Mann 0-0: Swinging Strike
0-1: Called Strike
0-2: Fly out, F4 (Popup, 4S)
Batting: RHB Jason Blair 0-0: Ball
1-0: Ball
2-0: Called Strike
2-1: SINGLE (Groundball, 4MD)
Batting: RHB Miguel González 0-0: Ball
Jason Blair is caught stealing 2nd base
1-0: Ball
2-0: Called Strike
2-1: Ground out 1-3 (Groundball, 15)
Bottom of the 3rd over - 0 run(s), 1 hit(s), 0 error(s), 0 left on base; Red Deer 5 - Menlo 0
TOP OF THE 4TH
Red Deer Wranglers batting - Pitching for Menlo Maniacs : RHP Michael Díaz
Pitching: LHP Marc Sizemore
Batting: LHB Fred Abrams 0-0: Called Strike
0-1: Ground out 4-3 (Groundball, 4M)
Batting: RHB Luis Ibarra 0-0: Foul Ball, location: 2F
0-1: Ball
1-1: Called Strike
1-2: Strikes out swinging
Batting: LHB Alejandro Rojas 0-0: Ball
1-0: Ball
2-0: Called Strike
2-1: Fly out, F8 (Flyball, 8LD)
Top of the 4th over - 0 run(s), 0 hit(s), 0 error(s), 0 left on base; Red Deer 5 - Menlo 0
BOTTOM OF THE 4TH
Menlo Maniacs batting - Pitching for Red Deer Wranglers : RHP Daniel Casey
Batting: LHB Tim Ramsey 0-0: Swinging Strike
0-1: Foul Ball, location: 2F
0-2: Ball
1-2: Ground out 1-3 (Groundball, 13)
Batting: LHB José Peralta 0-0: Foul Ball, location: 2F
0-1: Ball
1-1: Swinging Strike
1-2: Fly out, F7 (Line Drive, 7)
Batting: RHB Héctor Vázquez 0-0: Ball
1-0: Foul Ball, location: 2F
1-1: Foul Ball, location: 2F
1-2: Ball
2-2: Ball
3-2: Single, Error in OF, E8, batter to second base
Batting: LHB Bernardo Rodríguez 0-0: Ground out 4-3 (Groundball, 4)
Bottom of the 4th over - 0 run(s), 1 hit(s), 1 error(s), 1 left on base; Red Deer 5 - Menlo 0
TOP OF THE 5TH
Red Deer Wranglers batting - Pitching for Menlo Maniacs : LHP Marc Sizemore
Batting: RHB Ben Fisher 0-0: Ball
1-0: Called Strike
1-1: SINGLE (Line Drive, 78M)
Batting: LHB Héctor Santos 0-0: Foul Ball, location: 2F
0-1: Swinging Strike
0-2: Grounds into double play, 1-6-3 (Groundball, 13S)
Batting: RHB Steve Burton 0-0: Ball
1-0: Swinging Strike
1-1: Ball
2-1: DOUBLE (Line Drive, 7LS)
Batting: SHB Robbie Rhodes 0-0: Ball
1-0: Ball
2-0: SINGLE (Flyball, 9LS)
Steve Burton to third
Runner from 3rd tries for Home, SAFE, no throw
Batting: LHB Jorge Olvera 0-0: Called Strike
0-1: Foul Ball, location: 2F
0-2: Ball
1-2: Ball
2-2: Foul Ball, location: 2F
2-2: Ball
3-2: SINGLE (Line Drive, 56)
Robbie Rhodes to second
Robbie Rhodes to third
Batting: RHB Allen Brown 0-0: Ball
1-0: Foul Ball, location: 2F
1-1: Ball
Jorge Olvera steals 2nd base
2-1: Called Strike
2-2: Foul Ball, location: 2F
2-2: Ball
3-2: Base on Balls
Batting: LHB Fred Abrams 0-0: Ball
1-0: Foul Ball, location: 2F
1-1: Foul Ball, location: 2F
1-2: Ball
2-2: Ball
3-2: Fly out, F9 (Flyball, 9S)
Top of the 5th over - 1 run(s), 4 hit(s), 0 error(s), 3 left on base; Red Deer 6 - Menlo 0
BOTTOM OF THE 5TH
Menlo Maniacs batting - Pitching for Red Deer Wranglers : RHP Daniel Casey
Batting: LHB Robby Lawson 0-0: Foul Ball, location: 2F
0-1: Ball
1-1: Foul Ball, location: 2F
1-2: Ball
2-2: Strikes out swinging
Batting: RHB Glenn Carter 0-0: Called Strike
0-1: Ball
1-1: Foul Ball, location: 2F
1-2: Fly out, F9 (Flyball, 89S)
Batting: RHB Kyle Mann 0-0: Called Strike
0-1: Ground out 6-3 (Groundball, 56)
Bottom of the 5th over - 0 run(s), 0 hit(s), 0 error(s), 0 left on base; Red Deer 6 - Menlo 0
TOP OF THE 6TH
Red Deer Wranglers batting - Pitching for Menlo Maniacs : LHP Marc Sizemore
Batting: RHB Luis Ibarra 0-0: Fly out, F9 (Flyball, 9)
Batting: LHB Alejandro Rojas 0-0: Fly out, F5 (Popup, 15)
Batting: RHB Ben Fisher 0-0: Foul Ball, location: 2F
0-1: Ball
1-1: Ball
2-1: Foul Ball, location: 2F
2-2: Foul Ball, location: 2F
2-2: SINGLE (Line Drive, 6D)
Batting: LHB Héctor Santos 0-0: Ball
1-0: Ball
2-0: Ball
3-0: Base on Balls
Ben Fisher to second
Batting: RHB Steve Burton 0-0: Reached on error, E7 (Flyball, 78S)
Ben Fisher scores
Héctor Santos to third
Batting: SHB Robbie Rhodes 0-0: Foul Ball, location: 2F
0-1: Called Strike
0-2: Strikes out looking
Top of the 6th over - 1 run(s), 1 hit(s), 1 error(s), 2 left on base; Red Deer 7 - Menlo 0
BOTTOM OF THE 6TH
Menlo Maniacs batting - Pitching for Red Deer Wranglers : RHP Daniel Casey
Batting: RHB Jason Blair 0-0: Called Strike
0-1: Swinging Strike
0-2: Fly out, F8 (Flyball, 89M)
Batting: RHB Miguel González 0-0: Called Strike
0-1: Foul Ball, location: 2F
0-2: Ball
1-2: Foul Ball, location: 2F
1-2: Ball
2-2: Reached on error, E5 (Groundball, 56)
Pitching: RHP Simón Amejorado
Batting: LHB Tim Ramsey 0-0: Called Strike
0-1: SINGLE (Groundball, 34D)
Miguel González to second
Runner from 2nd tries for 3rd, SAFE, no throw
Batting: LHB José Peralta 0-0: Called Strike
0-1: Foul Ball, location: 2F
0-2: Fly out, F9 (Flyball, 9S)
Batting: RHB Héctor Vázquez 0-0: Fly out, F3 (Line Drive, 34)
Bottom of the 6th over - 0 run(s), 1 hit(s), 1 error(s), 2 left on base; Red Deer 7 - Menlo 0
TOP OF THE 7TH
Red Deer Wranglers batting - Pitching for Menlo Maniacs : LHP Marc Sizemore
Pitching: RHP Wayne Todd
Batting: LHB Jorge Olvera 0-0: Ball
1-0: Called Strike
1-1: Ball
2-1: Ball
3-1: Base on Balls
Batting: RHB Allen Brown 0-0: Foul Ball, location: 2F
0-1: Ball
1-1: Ball
2-1: Ball
3-1: Swinging Strike
3-2: Foul Ball, location: 2F
3-2: SINGLE (Groundball, 6MD)
Jorge Olvera to second
Batting: LHB Fred Abrams 0-0: Grounds into double play, 3-6-1 (Groundball, 34)
Jorge Olvera to third
Batting: RHB Luis Ibarra 0-0: Ball
1-0: Swinging Strike
1-1: Ball
2-1: Called Strike
2-2: Foul Ball, location: 2F
2-2: Ball
3-2: Base on Balls
Batting: LHB Alejandro Rojas 0-0: Fielders Choice at 2nd, 6-4 (Groundball, 56)
Top of the 7th over - 0 run(s), 1 hit(s), 0 error(s), 1 left on base; Red Deer 7 - Menlo 0
BOTTOM OF THE 7TH
Menlo Maniacs batting - Pitching for Red Deer Wranglers : RHP Simón Amejorado
Batting: LHB Bernardo Rodríguez 0-0: Ball
1-0: Ball
2-0: Called Strike
2-1: Called Strike
2-2: Reached on error, E6 (Groundball, 6)
Batting: LHB Robby Lawson 0-0: Called Strike
0-1: Ball
1-1: Ball
2-1: Ball
3-1: Base on Balls
Bernardo Rodríguez to second
Batting: RHB Glenn Carter 0-0: Foul Ball, location: 2F
0-1: Ball
1-1: Ball
2-1: Swinging Strike
2-2: Strikes out swinging
Batting: RHB Kyle Mann 0-0: Called Strike
0-1: Ball
1-1: Fly out, F7 (Flyball, 7S)
Batting: RHB Jason Blair 0-0: Called Strike
0-1: Foul Ball, location: 2F
0-2: SINGLE (Flyball, 8LS)
Bernardo Rodríguez to third
Robby Lawson to second
Runner from 3rd tries for Home, SAFE, no throw
Batting: RHB Miguel González 0-0: Reached on error, E4 (Popup, 4)
Robby Lawson to third
Jason Blair to second
Batting: LHB Tim Ramsey 0-0: Called Strike
0-1: Swinging Strike
0-2: Ball
Wild Pitch!
Robby Lawson scores
Jason Blair to third
Miguel González to second
1-2: Foul Ball, location: 2F
1-2: Ball
2-2: Fly out, F4 (Popup, 4MD)
Bottom of the 7th over - 2 run(s), 1 hit(s), 2 error(s), 2 left on base; Red Deer 7 - Menlo 2
TOP OF THE 8TH
Red Deer Wranglers batting - Pitching for Menlo Maniacs : RHP Wayne Todd
Batting: RHB Ben Fisher 0-0: Ground out 6-3 (Groundball, 6M)
Batting: LHB Héctor Santos 0-0: Ball
1-0: Ground out U3 (Groundball, 34)
Batting: RHB Steve Burton 0-0: Swinging Strike
0-1: Swinging Strike
0-2: Strikes out looking
Top of the 8th over - 0 run(s), 0 hit(s), 0 error(s), 0 left on base; Red Deer 7 - Menlo 2
BOTTOM OF THE 8TH
Menlo Maniacs batting - Pitching for Red Deer Wranglers : RHP Simón Amejorado
Batting: LHB José Peralta 0-0: Foul Ball, location: 2F
0-1: SINGLE (Flyball, 7S)
Batting: RHB Héctor Vázquez 0-0: Ball
1-0: Ball
2-0: Called Strike
2-1: Swinging Strike
2-2: SINGLE (Groundball, 6D)
José Peralta to second
Batting: LHB Bernardo Rodríguez 0-0: Foul Ball, location: 2F
0-1: Fly out, F8 (Flyball, 78D)
Batting: LHB Robby Lawson 0-0: Fly out, F7 (Flyball, 7S)
Batting: RHB Glenn Carter 0-0: SINGLE (Line Drive, 56D)
José Peralta to third
Héctor Vázquez to second
Runner from 3rd tries for Home, SAFE, no throw
Pitching: RHP Alex Phillips
Batting: RHB Kyle Mann 0-0: Called Strike
0-1: Swinging Strike
0-2: Ball
1-2: Foul Ball, location: 2F
1-2: Foul Ball, location: 2F
1-2: Foul Ball, location: 2F
1-2: Ball
2-2: Fly out, F5 (Popup, 5D)
Bottom of the 8th over - 1 run(s), 3 hit(s), 0 error(s), 2 left on base; Red Deer 7 - Menlo 3
TOP OF THE 9TH
Red Deer Wranglers batting - Pitching for Menlo Maniacs : RHP Wayne Todd
Batting: SHB Robbie Rhodes 0-0: Called Strike
0-1: SINGLE (Groundball, 4D)
Batting: LHB Jorge Olvera 0-0: Foul Ball, location: 2F
0-1: Foul Ball, location: 2F
0-2: Foul Ball, location: 2F
0-2: Ball
1-2: Ball
2-2: 2-RUN HOME RUN (Flyball, 89XD), Distance : 395 ft
Batting: RHB Allen Brown 0-0: Called Strike
0-1: Swinging Strike
0-2: Ball
1-2: Ball
2-2: Ground out 5-3 (Groundball, 56S)
Batting: LHB Fred Abrams 0-0: Called Strike
0-1: Called Strike
0-2: Ball
1-2: Ball
2-2: Strikes out swinging
Batting: RHB Luis Ibarra 0-0: Called Strike
0-1: Foul Ball, location: 2F
0-2: DOUBLE (Line Drive, 7LM)
Batting: LHB Alejandro Rojas 0-0: Ball
1-0: Swinging Strike
1-1: Called Strike
1-2: Foul Ball, location: 2F
1-2: Foul Ball, location: 2F
1-2: Reached on error, E6 (Groundball, 6M)
Luis Ibarra to third
Batting: RHB Ben Fisher 0-0: Called Strike
0-1: Foul Ball, location: 2F
0-2: Foul Ball, location: 2F
0-2: Fly out, F4 (Line Drive, 4)
Top of the 9th over - 2 run(s), 3 hit(s), 1 error(s), 2 left on base; Red Deer 9 - Menlo 3
BOTTOM OF THE 9TH
Menlo Maniacs batting - Pitching for Red Deer Wranglers : RHP Alex Phillips
Now in LF: Andrew Veeck
Batting: RHB Jason Blair 0-0: Fly out, F8 (Flyball, 8LD)
Batting: RHB Miguel González 0-0: Called Strike
0-1: Foul Ball, location: 2F
0-2: Ball
1-2: Ball
2-2: Ball
3-2: Ground out 5-3 (Groundball, 56)
Batting: LHB Tim Ramsey 0-0: Ball
1-0: Foul Ball, location: 2F
1-1: Foul Ball, location: 2F
1-2: Strikes out swinging
Bottom of the 9th over - 0 run(s), 0 hit(s), 0 error(s), 0 left on base; Red Deer 9 - Menlo 3
Tuesday, August 8th, 2017 - OOTP Baseball 17.12 Build 75